 Dungeon Crawl Stone Soup version 0.18-a0-1211-g828307d (webtiles) character file.

65 ololoev the Firebug (level 3, -2/19 HPs)
             Began as a Deep Elf Fire Elementalist on Feb 2, 2016.
             Slain by a gnoll
             ... wielding a cursed -2 spear
              (11 damage)
             ... on level 4 of the Dungeon.
             The game lasted 00:04:05 (655 turns).

ololoev the Firebug (Deep Elf Fire Elementalist)     Turns: 655, Time: 00:04:05

Health: -2/19      AC:  2    Str:  5    XL:     3   Next: 94%
Magic:  9/10       EV: 13    Int: 20    God:
Gold:   67         SH:  0    Dex: 15    Spells: 1 memorised, 8 levels left

rFire  . . .     SeeInvis .     (no weapon)
rCold  . . .     Gourm    .     a - +0 robe
rNeg   . . .     Faith    .     (no shield)
rPois  .         Spirit   .     (no helmet)
rElec  .         Dismiss  .     (no cloak)
rCorr  .         Reflect  .     (no gloves)
SustAt .         Harm     +     (no boots)
MR     .....                    d - amulet of harm
Stlth  +++.......               (no ring)
                                f - ring of stealth

@: slowed, very slow, not resistant to hostile enchantments, fairly stealthy
A: no striking features
a: no special abilities

Inventory:

Armour
 a - a +0 robe (worn)
Jewellery
 d - an amulet of harm (around neck)
 f - a ring of stealth (left hand)
Scrolls
 e - 4 scrolls of identify {unknown}
 h - 2 scrolls of noise {unknown}
 i - a scroll of fear {unknown}
 k - a scroll of random uselessness {unknown}
 m - 2 scrolls of amnesia {unknown}
 o - a scroll of teleportation {unknown}
 q - a scroll of recharging {unknown}
 r - a scroll of blinking {unknown}
Potions
 g - a potion of invisibility {unknown}
 j - 2 potions of curing {unknown}
Books
 b - a book of Flames

   Spells                             Type                      Level
   a - Flame Tongue                   Conjuration/Fire             1
   b - Throw Flame                    Conjuration/Fire             2
   c - Conjure Flame                  Conjuration/Fire             3
   d - Inner Flame                    Hexes/Fire                   3
   e - Sticky Flame                   Conjuration/Fire             4
   f - Fireball                       Conjuration/Fire             5
Comestibles
 c - 2 bread rations
 n - a meat ration
 p - 4 fruits


   Skills:
 - Level 2.4 Dodging
 - Level 2.4 Stealth
 + Level 3.5 Spellcasting
 * Level 3.2 Conjurations
 + Level 3.9 Fire Magic


You had 8 spell levels left.
You knew the following spells:

 Your Spells              Type           Power        Failure   Level  Hunger
a - Flame Tongue          Conj/Fire      ###..        3%          1    None


You were on level 4 of the Dungeon.
You were not hungry.

You visited 1 branch of the dungeon, and saw 4 of its levels.

You collected 67 gold pieces.

#........##....#
#####.....##.##....#
#....#######.##....#
#....'....##.##....#
#....####.##.##....# ####....#
#.##.##....#
###.......#############.#
..#...###.....#..g.# #.#.####
#.#...# #####@#....# #.#.....
#.#...# #.'g._.# #.#####† #.#...#
###gg..####.....).
#.#...+...#####....#....#####.
####.#...#......'######.....## #.
.....#...#......#................
.###.'...+......#.........(.#####
.# ###...#......##'##.......# .#
#...##..... #.##.......#

Notes
Turn   | Place    | Note
--------------------------------------------------------------
     0 | D:1      | ololoev the Deep Elf Fire Elementalist began the quest for the Orb.
     0 | D:1      | Reached XP level 1. HP: 10/10 MP: 6/6
     6 | D:1      | Noticed a salamander
     6 | D:1      | Noticed a lindwurm
     6 | D:1      | Noticed a hound
     6 | D:1      | Noticed a swamp drake
     6 | D:1      | Noticed a redback
   170 | D:2      | Reached XP level 2. HP: 15/15 MP: 6/8
   222 | D:3      | Reached XP level 3. HP: 15/19 MP: 2/10
   323 | D:2      | Found a glowing golden altar of the Shining One.
   429 | D:4      | Found a blossoming altar of Fedhas.
   429 | D:4      | Found a basalt altar of Yredelemnul.
   479 | D:4      | Found a glowing silver altar of Zin.
   652 | D:4      | Found a snail-covered altar of Cheibriados.
   655 | D:4      | Slain by a gnoll

Dungeon Overview and Level Annotations

Branches:
Dungeon (4/15)
 Temple: D:4-7

Altars:
Cheibriados
Fedhas
Yredelemnul
Zin
The Shining One


Message History

Aim: an orc, wielding a whip and wearing a leather armour The flame tongue hits the orc.
You kill the orc!
Casting: Flame Tongue
Confirm with . or Enter, or press ? or * to list all spells.
You can't see any susceptible monsters within range! (Use Z to cast anyway.) Unknown command.
Found 6 stones.
Found an escape hatch in the ceiling.
Items here: )) [ †† a whip; a leather armour; a mace; an orc corpse x2
j - 2 blue potions (gained 1)
You see here an orc corpse.
Items here: )) [ †† a whip; a leather armour; a mace; an orc corpse x2
You open the door.
There is an open door here.
You open the door.
There is an open door here.
There is an open door here.
You open the door.
A hobgoblin and a gnoll come into view.
Found a snail-covered altar of Cheibriados.
A hobgoblin and an orc come into view.
The hobgoblin shouts!
The orc shouts!
The hobgoblin shouts!
The hobgoblin zaps a wand.
You feel yourself slow down.
It is a wand of slowing.
The gnoll hits you from afar with an enchanted spear!
Ouch! That really hurt!
There is an open door here.
Casting: Flame Tongue
Confirm with . or Enter, or press ? or * to list all spells.
Aiming: Flame Tongue
Press: ? - help, Shift-Dir - straight line, f - gnoll
Aim: a gnoll, wielding an enchanted spear The flame tongue hits the gnoll.
The gnoll is moderately wounded.
The gnoll barely misses you.
The gnoll hits you from afar with an enchanted spear!
Ouch! That really hurt!
You die...

You could see a gnoll and 2 hobgoblins.

Vanquished Creatures
  An orc wizard (D:3)
  A worm (D:2)
  2 giant geckos (D:1)
  7 orcs
  2 giant cockroaches
  A hobgoblin (D:2)
  2 jackals
  A quokka (D:2)
  A bat (D:2)
  3 giant newts
  2 goblins
  A rat (D:1)
24 creatures vanquished.

Action                   || total
-------------------------++-------
Melee: Unarmed           ||     6
 Cast: Flame Tongue      ||    40
 Stab: Sleeping          ||     1

Vault maps used:
D:1:      onia_arrival_zoo_common
D:2:      tso_oasis_becter, nicolae_dithmenos_shadow_blocks, first_bread,
          uniq_jessica, uniq_terence
D:3:      kennysheep_the_goblin_king, tgw_trog, serial_curves, eino_curves_04,
          eino_curves_02, serial_park_tiny_2, uniq_robin
D:4:      nicolae_qazlal_eye_of_the_storm, lemuel_crystal_altar,
          cheibriados_altar_wand_db, gammafunk_temple_overflow_elements
